 Dungeon Crawl Stone Soup version 0.31-a0-214-gb37851dbb3 (webtiles) character file.

Game seed: 2174767313061084341

9 qw the Shooter (level 2, 0/16 HPs)
             Began as a Gargoyle Hexslinger on July 1, 2023.
             Slain by a goblin
             ... wielding a +2 dagger of freezing
              (1 damage)
             ... on level 1 of the Dungeon.
             The game lasted 00:00:05 (121 turns).

qw the Shooter (Gargoyle Hexslinger)                 Turns: 121, Time: 00:00:05

Health: 0/16       AC:  4    Str: 11    XL:     2   Next: 16%
Magic:  3/3        EV: 12    Int: 13    God:
Gold:   12         SH:  0    Dex: 12    Spells: 2/3 levels left

rFire   . . .        a - +1 sling
rCold   . . .        (no shield)
rNeg    + . .        c - +0 robe
rPois   inf          (no helmet)
rElec   +            (no cloak)
rCorr   .            (no gloves)
SInv    .            (no boots)
Will    .....        (no amulet)
Stlth   +            (no ring)
HPRegen 0.22/turn    (no ring)
MPRegen 0.08/turn

%: no passive effects
@: no status effects
A: sickness immunity, AC +2, negative energy resistance 1, electricity
resistance, torment resistance 1, petrification resistance
a: no special abilities


You were on level 1 of the Dungeon.
You visited 1 branch of the dungeon, and saw 1 of its levels.

You collected 12 gold pieces.


Innate Abilities, Weirdness & Mutations

You are immune to sickness and miasma.
Your stone body is resilient. (AC +2)
You are immune to poison.
You resist negative energy. (rN+)
You are resistant to electric shocks. (rElec)
You are resistant to unholy torment.
You are immune to petrification.


   Skills:
 - Level 1.1 Fighting
 + Level 2.8 Ranged Weapons
 - Level 1.5 Dodging
 - Level 1.0 Spellcasting
 - Level 2.6 Hexes


You had 2 spell levels left.
You knew the following spells:

 Your Spells              Type           Power      Damage    Failure   Level
a - Slow                  Hex            28%        N/A       10%         1

Your spell library contained the following spells:

 Spells                   Type           Power      Damage    Failure   Level
 Inner Flame              Hex/Fire       4%         N/A       43%         3
 Portal Projectile        Hex/Tloc       8%         N/A       43%         3
 Cause Fear               Hex            3%         N/A       67%         4

Inventory:

Hand Weapons
 a - a +1 sling (weapon)
Armour
 c - a +0 robe (worn)
 e - a +0 ring mail
Scrolls
 b - a scroll of poison
 f - a scroll of enchant armour {unknown}
Potions
 d - a potion of might {unknown}

Dungeon Overview and Level Annotations

Branches:
Dungeon (1/15)

Altars:


Message History

A frilled lizard comes into view.
An endoplasm comes into view.
A bat comes into view.
The endoplasm quivers.
Enter note:
Enter note: You shoot a sling bullet.
The sling bullet hits the kobold!
You kill the kobold!
The bat hits you but does no damage.
You shoot a sling bullet.
The sling bullet closely misses the ball python.
The bat misses you.
The ball python bites you but does no damage.
The ball python grabs you. The ball python constricts you.
The ball python bites you but does no damage.
The ball python constricts you.
You shoot a sling bullet. The sling bullet hits the ball python.
The ball python is severely wounded.
The bat closely misses you. The bat hits you but does no damage.
The rat barely misses you. The ball python bites you.
The ball python constricts you. The bat hits you but does no damage.
You shoot a sling bullet. The sling bullet hits the ball python.
You kill the ball python!
The bat closely misses you. The rat barely misses you.
The bat hits you but does no damage.
The ball python bites you but does no damage.
The ball python closely misses you.
You shoot a sling bullet. The sling bullet hits the bat.
You kill the bat!
The ball python barely misses you. The ball python grabs you.
The ball python constricts you. The rat bites you but does no damage.
The ball python bites you. The ball python constricts you.
The frilled lizard barely misses you. The rat closely misses you.
The goblin hits you with a +2 dagger of freezing.
The goblin freezes you.
You shoot a sling bullet. The sling bullet hits the ball python!
You kill the ball python!
The rat completely misses you.
The goblin hits you with a +2 dagger of freezing.
The goblin freezes you.
You die...

.##....##
.#...... ....=.
.# ..... #.#
...###..#
Jg.%..# #.
##rgr..#
#...###.@l...##
#...............
##.####.........
#..............
######.........
##..........
.....
#..%........
.......
#...........
....%...
#........##
........


You could see an endoplasm, 2 goblins, a frilled lizard and 2 rats.

Vanquished Creatures
  An endoplasm (D:1)
  2 hobgoblins (D:1)
  2 kobolds (D:1)
  2 ball pythons (D:1)
  2 bats (D:1)
  A rat (D:1)
10 creatures vanquished.

Notes
Turn   | Place    | Note
-------+----------+-------------------------------------------
     0 | D:1      | qw the Gargoyle Hexslinger began the quest for the Orb.
     0 | D:1      | Reached XP level 1. HP: 12/12 MP: 2/2
     0 | D:1      | 0 ||| qw: Version: 0.3-a-32-g5962c71
     0 | D:1      | 0 ||| qw: Game counter: 7539
     0 | D:1      | 0 ||| qw: Melee chars always use a shield: true
     0 | D:1      | 0 ||| qw: God list: Okawaru
     0 | D:1      | 0 ||| qw: Allow faded altars: false
     0 | D:1      | 0 ||| qw: Do Orc after clearing Dungeon:15 true
     0 | D:1      | 0 ||| qw: Do second Lair branch before Depths: true
     0 | D:1      | 0 ||| qw: Lair rune preference: random
     0 | D:1      | 0 ||| qw: Goals: Normal
     0 | D:1      | 0 ||| PLANNING D:1-11
   110 | D:1      | Reached XP level 2. HP: 16/16 MP: 3/3
   120 | D:1      | HP: 4/16 [goblin/+2 dagger of freezing (2)]
   121 | D:1      | HP: 1/16 [goblin/+2 dagger of freezing (3)]
   121 | D:1      | Slain by a goblin

Levels and vault maps discovered:
D:1:      wander_arrival_fairy_ring, layout_basic, serial_forest,
          infiniplex_forest_straight_2, infiniplex_forest_end_3,
          infiniplex_forest_clump_tiny, infiniplex_forest_lined_3,
          infiniplex_forest_straight_1, infiniplex_forest_clump_curved,
          kennysheep_decorative_pillar, reono_crystal_passage,
          minmay_three_crescents

Action                     || total
---------------------------++-------
   Fire: Sling             ||    27
 Armour: Robe              ||    11
  Dodge: Dodged            ||    12

Table legend:
 A = Non-vault XP
 B = Vault XP
 C = Vault XP percentage of total XP
 D = Non-vault monster count
 E = Vault monster count
 F = Vault count percentage of total count
                 A         B        C        D         E       F
            +---------+---------+-------+---------+---------+-------
      Total |      12 |       3 |  20.0 |       8 |       2 |  20.0
            +---------+---------+-------+---------+---------+-------
        D:1 |      12 |       3 |  20.0 |       8 |       2 |  20.0
            +---------+---------+-------+---------+---------+-------
